TOP OF THE 1ST |
Fort de France Carnivals batting - Pitching for Havana Conejitos : RHP Carlos Diaz
|
Pitching: RHP Carlos Diaz
|
|
Batting: SHB Gary Pettis
|
0-0: Called Strike 0-1: Ball 1-1: SINGLE (Groundball, 56D, EV 104.4 MPH)
|
Batting: RHB Eddie Vargas
|
0-0: Ball 1-0: Ball 2-0: Single, Error in OF, E9, batter to second base (Line Drive, 9S, EV 105.6 MPH) Gary Pettis to third
|
Batting: RHB Ramiro Gutierrez
|
0-0: Called Strike 0-1: Fly out, F8 (Flyball, 8LD, EV 92.5 MPH) Runner from 3rd tags up, SCORES, no throw by CF
|
Batting: LHB Felix Agapay
|
0-0: Ball 1-0: Ball 2-0: Foul Ball, location: 2F 2-1: SINGLE (Flyball, 89M, EV 91.9 MPH) Eddie Vargas to third
|
Batting: RHB Dave Stenhouse
|
0-0: Ball 1-0: Ball 2-0: Called Strike 2-1: Called Strike 2-2: Ball 3-2: Fly out, F6 (Flyball, 5D, EV 77.5 MPH)
|
Batting: LHB Steve Sbragia
|
0-0: Ball 1-0: SINGLE (Groundball, 4MD, EV 107.5 MPH) Eddie Vargas scores Felix Agapay to second Runner from 2nd tries for 3rd, OUT! 8-5
|
Top of the 1st over - 2 runs, 4 hits, 1 error, 1 left on base; Fort de France 2 - Havana 0 |
BOTTOM OF THE 1ST |
Havana Conejitos batting - Pitching for Fort de France Carnivals : LHP Frank DiPino
|
Pitching: LHP Frank DiPino
|
|
Batting: RHB Ulises Infante
|
0-0: Foul Ball, location: 2F 0-1: Ball 1-1: SOLO HOME RUN (Flyball, 7LD, EV 99.4 MPH), Distance : 358 ft
|
Batting: LHB Scott Radloff
|
0-0: Called Strike 0-1: Swinging Strike 0-2: Foul Ball, location: 2F 0-2: Ball 1-2: Ball 2-2: Strikes out swinging
|
Batting: RHB Luis Gonzalez
|
0-0: Fly out, F9 (Flyball, 9, EV 88.1 MPH)
|
Batting: LHB Donald Mazzilli
|
0-0: SINGLE (Groundball, 4MD, EV 102.5 MPH)
|
Batting: LHB Randy Salava
|
0-0: Called Strike 0-1: Foul Ball, location: 2F 0-2: Ball 1-2: Fielders Choice at 2nd, 6-4 (Groundball, 6, EV 90.0 MPH)
|
Bottom of the 1st over - 1 run, 2 hits, 0 errors, 1 left on base; Fort de France 2 - Havana 1 |
TOP OF THE 2ND |
Fort de France Carnivals batting - Pitching for Havana Conejitos : RHP Carlos Diaz
|
Batting: LHB Mike McCain
|
0-0: Called Strike 0-1: Foul Ball, location: 2F 0-2: Ball 1-2: Foul Ball, location: 2F 1-2: Strikes out swinging
|
Batting: RHB Julio Collazo
|
0-0: Fly out, F3 (Line Drive, 3, EV 65.0 MPH)
|
Batting: RHB Mario Diaz
|
0-0: Foul Ball, location: 2F 0-1: Foul Ball, location: 2F 0-2: Ball 1-2: TRIPLE (Line Drive, 89XD, EV 105.6 MPH)
|
Batting: SHB Gary Pettis
|
0-0: SINGLE (Line Drive, 9LS, EV 90.0 MPH) Mario Diaz scores
|
Batting: RHB Eddie Vargas
|
0-0: Foul Ball, location: 2F 0-1: Ball 1-1: Foul Ball, location: 2F 1-2: 2-RUN HOME RUN (Flyball, 78XD, EV 106.9 MPH), Distance : 442 ft
|
Batting: RHB Ramiro Gutierrez
|
0-0: Ball 1-0: Ball 2-0: Ball 3-0: Called Strike 3-1: Called Strike 3-2: Foul Ball, location: 2F 3-2: Fly out, F7 (Line Drive, 7, EV 85.6 MPH)
|
Top of the 2nd over - 3 runs, 3 hits, 0 errors, 0 left on base; Fort de France 5 - Havana 1 |
BOTTOM OF THE 2ND |
Havana Conejitos batting - Pitching for Fort de France Carnivals : LHP Frank DiPino
|
Batting: RHB Bill Lindsey
|
0-0: Foul Ball, location: 2F 0-1: Ball 1-1: Ball 2-1: Swinging Strike 2-2: Fly out, F7 (Flyball, 7, EV 84.4 MPH)
|
Batting: RHB Javier Flores
|
0-0: Ball 1-0: Ball 2-0: Foul Ball, location: 2F 2-1: Ground out 3-1 (Groundball, 34, EV 84.4 MPH)
|
Batting: RHB Ramon Borrero
|
0-0: Foul Ball, location: 2F 0-1: Ground out 6-3 (Groundball, 6M, EV 102.5 MPH)
|
Bottom of the 2nd over - 0 runs, 0 hits, 0 errors, 0 left on base; Fort de France 5 - Havana 1 |
TOP OF THE 3RD |
Fort de France Carnivals batting - Pitching for Havana Conejitos : RHP Carlos Diaz
|
Batting: LHB Felix Agapay
|
0-0: Ball 1-0: Foul Ball, location: 2F 1-1: Swinging Strike 1-2: Strikes out swinging
|
Batting: RHB Dave Stenhouse
|
0-0: Ground out 6-3 (Groundball, 6, EV 103.8 MPH)
|
Batting: LHB Steve Sbragia
|
0-0: Ball 1-0: Ball 2-0: Ball 3-0: Swinging Strike 3-1: Base on Balls
|
Batting: LHB Mike McCain
|
0-0: Ball 1-0: Ball 2-0: Called Strike 2-1: Ball 3-1: Base on Balls Steve Sbragia to second
|
Pitching: LHP Jose Perez
|
|
Batting: RHB Julio Collazo
|
0-0: Foul Ball, location: 2F 0-1: Swinging Strike 0-2: Ball 1-2: Strikes out swinging
|
Top of the 3rd over - 0 runs, 0 hits, 0 errors, 2 left on base; Fort de France 5 - Havana 1 |
BOTTOM OF THE 3RD |
Havana Conejitos batting - Pitching for Fort de France Carnivals : LHP Frank DiPino
|
Batting: RHB Francisco Perez
|
0-0: Reached on error, E5 (Groundball, 56S, EV 76.3 MPH)
|
Batting: RHB Ulises Infante
|
0-0: Ball 1-0: Called Strike 1-1: Swinging Strike 1-2: Foul Ball, location: 2F 1-2: Strikes out swinging
|
Batting: LHB Scott Radloff
|
0-0: Ball 1-0: Ball 2-0: Called Strike 2-1: Fielders Choice at 2nd, 3-6 (Groundball, 3S, EV 80.6 MPH)
|
Batting: RHB Luis Gonzalez
|
0-0: Ball 1-0: Foul Ball, location: 2F 1-1: Fly out, F8 (Flyball, 8RS, EV 88.1 MPH)
|
Bottom of the 3rd over - 0 runs, 0 hits, 1 error, 1 left on base; Fort de France 5 - Havana 1 |
TOP OF THE 4TH |
Fort de France Carnivals batting - Pitching for Havana Conejitos : LHP Jose Perez
|
Batting: RHB Mario Diaz
|
0-0: Called Strike 0-1: Ball 1-1: Ball 2-1: Called Strike 2-2: Ball 3-2: Base on Balls
|
Batting: SHB Gary Pettis
|
0-0: Called Strike 0-1: Called Strike 0-2: Ball 1-2: Ball 2-2: Strikes out swinging
|
Batting: RHB Eddie Vargas
|
0-0: Called Strike 0-1: Ball 1-1: Foul Ball, location: 2F 1-2: Ball 2-2: Fly out, F3 (Popup, 3, EV 68.8 MPH)
|
Batting: RHB Ramiro Gutierrez
|
0-0: Ball 1-0: Fly out, F9 (Flyball, 9S, EV 91.3 MPH)
|
Top of the 4th over - 0 runs, 0 hits, 0 errors, 1 left on base; Fort de France 5 - Havana 1 |
BOTTOM OF THE 4TH |
Havana Conejitos batting - Pitching for Fort de France Carnivals : LHP Frank DiPino
|
Batting: LHB Donald Mazzilli
|
0-0: Called Strike 0-1: Foul Ball, location: 2F 0-2: Ball 1-2: Ground out 4-3 (Groundball, 4, EV 82.5 MPH)
|
Batting: LHB Randy Salava
|
0-0: Foul Ball, location: 2F 0-1: Ball 1-1: Fly out, F8 (Flyball, 8RXD, EV 93.1 MPH)
|
Batting: RHB Bill Lindsey
|
0-0: Ball 1-0: SINGLE (Groundball, 56S, EV 75.0 MPH) (infield hit)
|
Batting: RHB Javier Flores
|
0-0: Called Strike 0-1: Ball 1-1: Ball Wild Pitch! Bill Lindsey to second 2-1: SINGLE (Groundball, 6D, EV 97.5 MPH) Bill Lindsey to third Runner from 3rd tries for Home, SAFE, throw by LF to home
|
Batting: RHB Ramon Borrero
|
0-0: Foul Ball, location: 2F 0-1: Ball 1-1: SINGLE (Groundball, 13, EV 85.0 MPH) (infield hit) Javier Flores to second
|
Batting: RHB Francisco Perez
|
0-0: TRIPLE (Flyball, 89XD, EV 94.4 MPH) Javier Flores scores Ramon Borrero scores
|
Batting: RHB Ulises Infante
|
0-0: Ball 1-0: Called Strike 1-1: Ball 2-1: Called Strike 2-2: Fly out, F8 (Flyball, 8RM, EV 93.8 MPH)
|
Bottom of the 4th over - 3 runs, 4 hits, 0 errors, 1 left on base; Fort de France 5 - Havana 4 |
TOP OF THE 5TH |
Fort de France Carnivals batting - Pitching for Havana Conejitos : LHP Jose Perez
|
Batting: LHB Felix Agapay
|
0-0: Ball 1-0: Foul Ball, location: 2F 1-1: Swinging Strike 1-2: Ball 2-2: Ground out 2-3 (Groundball, 2L, EV 71.3 MPH)
|
Batting: RHB Dave Stenhouse
|
0-0: Called Strike 0-1: Ball 1-1: Ball 2-1: Fly out, F5 (Line Drive, 5, EV 67.5 MPH)
|
Batting: LHB Steve Sbragia
|
0-0: Ball 1-0: SINGLE (Flyball, 34D, EV 91.3 MPH)
|
Batting: LHB Mike McCain
|
0-0: Ball 1-0: Foul Ball, location: 2F 1-1: Called Strike 1-2: Foul Ball, location: 2F 1-2: Fielders Choice at 2nd, 6-4 (Groundball, 6, EV 86.9 MPH)
|
Top of the 5th over - 0 runs, 1 hit, 0 errors, 1 left on base; Fort de France 5 - Havana 4 |
BOTTOM OF THE 5TH |
Havana Conejitos batting - Pitching for Fort de France Carnivals : LHP Frank DiPino
|
Batting: LHB Scott Radloff
|
0-0: Foul Ball, location: 2F 0-1: Ball 1-1: Ball 2-1: Ball 3-1: SINGLE (Line Drive, 89S, EV 106.3 MPH)
|
Batting: RHB Luis Gonzalez
|
0-0: Grounds into double play, 6-4-3 (Groundball, 6D, EV 100.6 MPH)
|
Batting: LHB Donald Mazzilli
|
0-0: Ball 1-0: SINGLE (Line Drive, 89S, EV 108.1 MPH)
|
Batting: LHB Randy Salava
|
0-0: Swinging Strike 0-1: Ball 1-1: Called Strike 1-2: Foul Ball, location: 2F 1-2: Foul Ball, location: 2F 1-2: Foul Ball, location: 2F 1-2: Strikes out swinging
|
Bottom of the 5th over - 0 runs, 2 hits, 0 errors, 1 left on base; Fort de France 5 - Havana 4 |
TOP OF THE 6TH |
Fort de France Carnivals batting - Pitching for Havana Conejitos : LHP Jose Perez
|
Batting: RHB Julio Collazo
|
0-0: Swinging Strike 0-1: Foul Ball, location: 2F 0-2: Strikes out swinging
|
Batting: RHB Mario Diaz
|
0-0: Ball 1-0: Ball 2-0: Ball 3-0: Called Strike 3-1: Called Strike 3-2: Strikes out swinging
|
Batting: SHB Gary Pettis
|
0-0: Called Strike 0-1: Ball 1-1: Ball 2-1: Ball 3-1: Base on Balls
|
Pitching: RHP Eddie Hook
|
|
Batting: RHB Eddie Vargas
|
0-0: Ball 1-0: Called Strike 1-1: Ball 2-1: Called Strike 2-2: Strikes out swinging
|
Top of the 6th over - 0 runs, 0 hits, 0 errors, 1 left on base; Fort de France 5 - Havana 4 |
BOTTOM OF THE 6TH |
Havana Conejitos batting - Pitching for Fort de France Carnivals : LHP Frank DiPino
|
Batting: RHB Bill Lindsey
|
0-0: Ball 1-0: Swinging Strike 1-1: Ball 2-1: Foul Ball, location: 2F 2-2: Ground out 5-3 (Groundball, 56, EV 84.4 MPH)
|
Batting: RHB Javier Flores
|
0-0: Foul Ball, location: 2F 0-1: Foul Ball, location: 2F 0-2: TRIPLE (Line Drive, 78XD, EV 109.4 MPH)
|
Batting: RHB Ramon Borrero
|
0-0: Ball 1-0: Ball 2-0: Called Strike 2-1: Fly out, F7 (Flyball, 7LS, EV 82.5 MPH) Runner from 3rd tags up, SCORES, throw by LF
|
Batting: RHB Francisco Perez
|
0-0: Called Strike 0-1: Ball 1-1: Called Strike 1-2: Ball 2-2: Ball 3-2: Foul Ball, location: 2F 3-2: Base on Balls
|
Pitching: RHP Michael Britt
|
|
Batting: RHB Ulises Infante
|
0-0: Swinging Strike 0-1: Called Strike 0-2: Fly out, F8 (Line Drive, 8RD, EV 108.8 MPH)
|
Bottom of the 6th over - 1 run, 1 hit, 0 errors, 1 left on base; Fort de France 5 - Havana 5 |
TOP OF THE 7TH |
Fort de France Carnivals batting - Pitching for Havana Conejitos : RHP Eddie Hook
|
Batting: RHB Ramiro Gutierrez
|
0-0: SINGLE (Line Drive, 89M, EV 89.4 MPH)
|
Batting: LHB Felix Agapay
|
0-0: Foul Ball, location: 2F 0-1: Swinging Strike 0-2: Strikes out swinging
|
Batting: RHB Dave Stenhouse
|
0-0: Ball 1-0: Ball 2-0: Ball Wild Pitch! Ramiro Gutierrez to second 3-0: Base on Balls
|
Batting: LHB Steve Sbragia
|
0-0: Ball 1-0: Ball 2-0: Called Strike 2-1: Foul Ball, location: 2F 2-2: Ball 3-2: Foul Ball, location: 2F 3-2: Base on Balls Ramiro Gutierrez to third Dave Stenhouse to second
|
Batting: LHB Mike McCain
|
0-0: Ball 1-0: Ball 2-0: Foul Ball, location: 2F 2-1: Swinging Strike 2-2: Ball 3-2: Foul Ball, location: 2F 3-2: Grounds into double play, 1-2-3 (Groundball, 15S, EV 73.8 MPH)
|
Top of the 7th over - 0 runs, 1 hit, 0 errors, 2 left on base; Fort de France 5 - Havana 5 |
BOTTOM OF THE 7TH |
Havana Conejitos batting - Pitching for Fort de France Carnivals : RHP Michael Britt
|
Batting: LHB Scott Radloff
|
0-0: Foul Ball, location: 2F 0-1: Swinging Strike 0-2: Ball 1-2: Ball 2-2: Ball 3-2: SINGLE (Line Drive, 9S, EV 100.6 MPH)
|
Batting: RHB Luis Gonzalez
|
0-0: Ball 1-0: Swinging Strike 1-1: Grounds into double play, 5-4-3 (Groundball, 56, EV 89.4 MPH)
|
Batting: LHB Donald Mazzilli
|
0-0: Called Strike 0-1: Ball 1-1: Called Strike 1-2: Ball 2-2: Ball 3-2: Foul Ball, location: 2F 3-2: Base on Balls
|
Batting: LHB Randy Salava
|
0-0: Ball 1-0: Ground out 4-3 (Groundball, 34, EV 103.1 MPH)
|
Bottom of the 7th over - 0 runs, 1 hit, 0 errors, 1 left on base; Fort de France 5 - Havana 5 |
TOP OF THE 8TH |
Fort de France Carnivals batting - Pitching for Havana Conejitos : RHP Eddie Hook
|
Batting: RHB Julio Collazo
|
0-0: Fly out, F8 (Flyball, 89D, EV 103.8 MPH)
|
Batting: RHB Mario Diaz
|
0-0: Foul Ball, location: 2F 0-1: Foul Ball, location: 2F 0-2: Ball 1-2: Foul Ball, location: 2F 1-2: SINGLE (Groundball, 34S, EV 72.5 MPH) (infield hit)
|
Batting: SHB Gary Pettis
|
0-0: Called Strike 0-1: Ball 1-1: Foul Ball, location: 2F 1-2: Foul Ball, location: 2F 1-2: Foul Ball, location: 2F 1-2: Ball 2-2: SINGLE (Groundball, 4MD, EV 96.3 MPH) Mario Diaz to second Runner from 2nd tries for 3rd, SAFE, throw by CF made to third
|
Batting: RHB Eddie Vargas
|
0-0: Ball 1-0: Ball 2-0: Ball 3-0: Called Strike 3-1: Foul Ball, location: 2F 3-2: SINGLE (Groundball, 56D, EV 94.4 MPH) Mario Diaz scores Gary Pettis to second
|
Batting: RHB Ramiro Gutierrez
|
0-0: Ball 1-0: Called Strike 1-1: Swinging Strike 1-2: Foul Ball, location: 2F 1-2: SINGLE (Line Drive, 89M, EV 96.9 MPH) Gary Pettis to third Eddie Vargas to second Runner from 3rd tries for Home, SAFE, no throw by CF
|
Batting: LHB Felix Agapay
|
0-0: Ball 1-0: Foul Ball, location: 2F 1-1: Swinging Strike 1-2: Foul Ball, location: 2F 1-2: Ball 2-2: Foul Ball, location: 2F 2-2: Ball 3-2: SINGLE (Groundball, 4D, EV 94.4 MPH) Eddie Vargas to third Ramiro Gutierrez to second Runner from 3rd tries for Home, SAFE, throw by CF to home
|
Pitching: RHP Michael Culbert
|
|
Batting: RHB Dave Stenhouse
|
0-0: Fly out, F8 (Flyball, 8LD, EV 74.4 MPH) Runner from 2nd tags up, SAFE at 3rd with throw by CF
|
Batting: LHB Steve Sbragia
|
0-0: Called Strike 0-1: SINGLE (Line Drive, 4MD, EV 97.5 MPH) Ramiro Gutierrez scores Felix Agapay to second Runner from 2nd tries for 3rd, SAFE, throw by CF made to third
|
Batting: LHB Mike McCain
|
0-0: Foul Ball, location: 2F 0-1: Ball 1-1: Ball 2-1: Fly out, F8 (Flyball, 8LM, EV 92.5 MPH)
|
Top of the 8th over - 4 runs, 6 hits, 0 errors, 2 left on base; Fort de France 9 - Havana 5 |
BOTTOM OF THE 8TH |
Havana Conejitos batting - Pitching for Fort de France Carnivals : RHP Michael Britt
|
Batting: RHB Bill Lindsey
|
0-0: Called Strike 0-1: Called Strike 0-2: Fly out, F7 (Flyball, 78D, EV 77.5 MPH)
|
Batting: RHB Javier Flores
|
0-0: Foul Ball, location: 2F 0-1: SINGLE (Groundball, 6MD, EV 101.3 MPH)
|
Batting: RHB Ramon Borrero
|
0-0: Fielders Choice at 2nd, 6-4 (Groundball, 56, EV 102.5 MPH)
|
Batting: RHB Francisco Perez
|
0-0: Called Strike 0-1: Ball 1-1: Fly out, F7 (Line Drive, 7, EV 99.4 MPH)
|
Bottom of the 8th over - 0 runs, 1 hit, 0 errors, 1 left on base; Fort de France 9 - Havana 5 |
TOP OF THE 9TH |
Fort de France Carnivals batting - Pitching for Havana Conejitos : RHP Michael Culbert
|
Batting: RHB Julio Collazo
|
0-0: Ball 1-0: DOUBLE (Line Drive, 9LM, EV 100.6 MPH)
|
Batting: RHB Mario Diaz
|
0-0: Called Strike 0-1: Foul Ball, location: 2F 0-2: Foul Ball, location: 2F 0-2: Ball 1-2: Ball 2-2: Foul Ball, location: 2F 2-2: Fly out, F7 (Flyball, 78D, EV 88.8 MPH)
|
Batting: SHB Gary Pettis
|
0-0: Ball 1-0: Fly out, F8 (Flyball, 89D, EV 99.4 MPH)
|
Batting: RHB Eddie Vargas
|
0-0: Ball 1-0: Called Strike 1-1: Swinging Strike 1-2: Ground out 6-3 (Groundball, 56, EV 101.9 MPH)
|
Top of the 9th over - 0 runs, 1 hit, 0 errors, 1 left on base; Fort de France 9 - Havana 5 |
BOTTOM OF THE 9TH |
Havana Conejitos batting - Pitching for Fort de France Carnivals : RHP Michael Britt
|
Batting: RHB Ulises Infante
|
0-0: Ball 1-0: Foul Ball, location: 2F 1-1: Ball 2-1: Called Strike 2-2: Strikes out looking
|
Batting: LHB Scott Radloff
|
0-0: Called Strike 0-1: Swinging Strike 0-2: Ball 1-2: Ball 2-2: Ball 3-2: Ground out 4-3 (Groundball, 4, EV 85.0 MPH)
|
Batting: RHB Luis Gonzalez
|
0-0: Called Strike 0-1: Ball 1-1: Ground out 4-3 (Groundball, 4, EV 105.0 MPH)
|
Bottom of the 9th over - 0 runs, 0 hits, 0 errors, 0 left on base; Fort de France 9 - Havana 5 |
|